Description

This Build Order comes from goblin. It's macro oriented with a Void/Carrier playstyle.

Notes :

In this game, it's a MaxPax Proxy Gate opening. You can still do a standard opening if you want but this opening will force a defensive reaction.

VOD

https://youtu.be/tdmKQrYHwBs

Replay - goblin v Kas - Deathaura LE

Build Order

Get SALT Encoding   

  12  0:00  Probe  
  13  0:12  Probe  
  14  0:18  Pylon  
  14  0:25  Probe (Chrono Boost)  
  15  0:35  Pylon  
  15  0:37  Probe (Chrono Boost)  
  16  0:45  Probe (Chrono Boost)  
  17  0:51  Probe  
  17  0:53  Gateway  
  18  0:58  Assimilator  
  18  1:03  Probe  
  19  1:15  Probe  
  20  1:32  Nexus  
  20  1:39  Zealot (Chrono Boost)  
  22  1:49  Cybernetics Core  
  22  1:53  Probe  
  23  1:58  Zealot (Chrono Boost)  
  25  2:03  Assimilator  
  25  2:06  Probe  
  27  2:28  Stalker (Chrono Boost)  
  27  2:30  Gateway  
  28  2:40  Pylon  
  28  2:54  Stalker  
  32  3:09  Stargate  
  34  3:28  Stalker  
  36  3:35  Warp Gate  
  38  3:52  Phoenix  
  43  4:10  Robotics Facility  
  44  4:17  Phoenix  
  47  4:24  Pylon  
  48  4:33  Nexus  
  49  4:42  Phoenix  
  52  4:52  Gateway x2  
  52  4:53  Assimilator x2  
  54  5:05  Observer (Chrono Boost), Robotics Bay  
  55  5:17  Pylon  
  56  5:24  Observer (Chrono Boost)  
  59  5:38  Observer (Chrono Boost)  
  59  5:40  Shield Battery  
  62  5:45  Phoenix  
  66  5:52  Shield Battery, Colossus (Chrono Boost)  
  75  6:10  Phoenix  
  80  6:18  Extended Thermal Lance  
  83  6:30  Assimilator x2  
  85  6:33  Colossus (Chrono Boost)  
  85  6:39  Zealot x4  
  99  6:46  Phoenix  
  101  7:09  Shield Battery x2  
  100  7:16  Phoenix  
  100  7:17  Colossus (Chrono Boost)  
  108  7:27  Zealot x3  
  114  7:31  Forge  
  114  7:33  Twilight Council  
  106  7:57  Protoss Ground Armor Level 1 (Chrono Boost)  
  106  8:00  Colossus (Chrono Boost)  
  112  8:07  Forge  
  112  8:08  Gateway x3  
  112  8:13  Observer x2, Charge, Gateway  
  112  8:15  Zealot  
  112  8:18  Gateway  
  118  8:30  Photon Cannon x2  
  118  8:33  Shield Battery  
  118  8:35  Protoss Ground Weapons Level 1 (Chrono Boost)  
  118  8:38  Disruptor (Chrono Boost)  
  121  8:44  Nexus  
  124  8:51  Sentry x2  
  129  9:09  Protoss Air Weapons Level 1  
  131  9:14  Disruptor (Chrono Boost)  
  136  9:18  Robotics Facility  
  136  9:19  Observer  
  136  9:21  Gateway  
  137  9:28  Photon Cannon  
  139  9:31  Dark Shrine  
  140  9:47  Gravitic Drive  
  140  9:48  Protoss Ground Armor Level 2 (Chrono Boost)  
  140  9:52  Disruptor (Chrono Boost)  
  143  9:54  Blink  
Spawning Tool Build Advisor. Get it on Overwolf

Go to:

Details

  • Created by: zuka      
  • Published on: Oct 24, 2020
  • Modified on: Oct 24, 2020
  • Patch: 4.11.0
  • Difficulty: Hard
Show
View Real Time Build Order
Export as new Build Order

Comments (0)

There are no comments. Be the first!

Create an account to comment!